 Dungeon Crawl Stone Soup version 0.29-a0-581-ge9a90b782e (webtiles) character file.

Game seed: 904589557066689718

9415 KristoblXynda the Fighter (level 11, -5/102 HPs)
             Began as a Purple Draconian Berserker on June 14, 2022.
             Was a Priest of Trog.
             Slain by Urug
             ... wielding a +5 eveningstar
              (18 damage)
             ... on level 10 of the Dungeon.
             The game lasted 00:13:53 (11842 turns).

KristoblXynda the Fighter (DrBe)                   Turns: 11842, Time: 00:13:54

Health: -5/102     AC: 13    Str: 25    XL:     11   Next: 22%
Magic:  11/11      EV: 16    Int: 10    God:    Trog [***...]
Gold:   151        SH:  0    Dex: 13    Spells: 10/10 levels left

rFire   . . .      SeeInvis .   w - +1 scimitar (venom)
rCold   . . .      Faith    .   (no shield)
rNeg    . . .      Spirit   .   (body armour unavailable)
rPois   .          Reflect  .   (helmet restricted)
rElec   .          Harm     .   q - +1 cloak
rCorr   .          Rampage  .   (no gloves)
Will    +++..      Clarity  +   (no boots)
Stlth   +.........              (no amulet)
HPRegen 1.27/turn               h - +4 ring of protection
MPRegen 0.12/turn               r - +6 ring of strength

@: strong-willed, on berserk cooldown, regenerating, slowed, very slow
A: breathe power, AC +7, unfitting armour, cold-blooded, clarity
a: Breathe Dispelling Energy, Renounce Religion, Berserk, Trog's Hand


You were on level 10 of the Dungeon.
You worshipped Trog.
Trog was most pleased with you.
You visited 2 branches of the dungeon, and saw 11 of its levels.
You also visited: Bailey.

You collected 486 gold pieces.
You spent 335 gold pieces at shops.

Inventory:

Hand Weapons
 w - a +1 scimitar of venom (weapon)
Armour
 q - a +1 cloak (worn)
Jewellery
 h - a +4 ring of protection (left hand)
 n - a ring of resist corrosion
 r - a +6 ring of strength (right hand)
Wands
 o - a wand of digging (6)
 p - a wand of iceblast (1)
 y - a wand of polymorph (5)
Scrolls
 a - a scroll of silence
 d - a scroll of enchant weapon
 e - a scroll of magic mapping
 i - 2 scrolls of teleportation
 t - 2 scrolls of amnesia
Potions
 b - 6 potions of flight
 c - 4 potions of curing
 f - a potion of berserk rage {unknown}
 g - 2 potions of magic {unknown}
 j - 4 potions of attraction
 k - 2 potions of mutation
 l - 2 potions of lignification
 m - a potion of experience {unknown}
 s - 4 potions of haste
 u - 2 potions of cancellation {unknown}
 v - a potion of degeneration {unknown}
 x - 2 potions of invisibility {unknown}
 z - 6 potions of heal wounds
 A - 2 potions of resistance


   Skills:
 + Level 11.0 Fighting
 * Level 10.7 Long Blades
 + Level 9.3 Dodging
 - Level 5.3 Evocations


You had 10 spell levels left.
You didn't know any spells.
Your spell library contained the following spells:

 Spells                   Type           Power      Damage    Failure   Level
 Summon Small Mammal      Summ           0%         N/A       36%         1
 Static Discharge         Conj/Air       0%         N/A       50%         2
 Call Canine Familiar     Summ           0%         N/A       75%         3
 Conjure Flame            Conj/Fire      0%         6-21      75%         3
 Ignite Poison            Fire/Tmut/Pois 0%         N/A       75%         3
 Ozocubu's Armour         Ice            0%         N/A       75%         3
 Portal Projectile        Hex/Tloc       0%         N/A       75%         3
 Summon Guardian Golem    Hex/Summ       0%         N/A       75%         3
 Tukima's Dance           Hex            0%         N/A       75%         3
 Dispel Undead            Necr           0%         3d6       98%         4
 Sticky Flame             Conj/Fire      0%         2d3       98%         4
 Blade Hands              Tmut           0%         N/A       100%        5
 Fireball                 Conj/Fire      0%         3d3       100%        5
 Iskenderun's Battlesphe  Conj           0%         2d6       100%        5
 Metabolic Englaciation   Hex/Ice        0%         N/A       100%        5
 Conjure Ball Lightning   Conj/Air       0%         3x3d6     100%        6
 Simulacrum               Ice/Necr       0%         N/A       100%        6
 Orb of Destruction       Conj           0%         9d5       100%        7


Dungeon Overview and Level Annotations

Branches:
Dungeon (10/15)            Temple (1/1) D:5            Lair (0/6) D:10
 Bailey (visited)
    Orc: D:9-12

Altars:
Ashenzari
Cheibriados
Dithmenos
Elyvilon
Fedhas
Gozag
Hepliaklqana
Kikubaaqudgha
Makhleb
Nemelex Xobeh
Okawaru
Qazlal
Ru
Sif Muna
Trog
Uskayaw
Vehumet
Wu Jian
Xom
Yredelemnul
Zin
The Shining One

Shops:
D:3 :   D:4 *[   D:6 =   D:7 *[!   D:10 *

Annotations:
D:10 Urug


Innate Abilities, Weirdness & Mutations

You can breathe bolts of dispelling energy.
Your rich purple scales are hard. (AC +7)
You cannot fit into any form of body armour.
You are cold-blooded and may be slowed by cold attacks.
You possess an exceptional clarity of mind.


Message History

Your skin crawls.
You feel strong-willed.
A red film seems to cover your vision as you go berserk!
You feel yourself moving faster!
You feel mighty! The wolf bites you.
You slice the wolf!!
You kill the wolf!
Trog accepts your kill. The troll completely misses you. The troll misses you.
The troll closely misses you.
You see here a wolf corpse.
You barely miss the troll. You slash the troll!
The troll is moderately wounded.
The troll bites you! The troll claws you but does no damage.
The troll closely misses you.
You completely miss the troll.
The troll is moderately wounded.
Urug hits you with a +5 eveningstar. The troll closely misses you.
The troll misses you. The troll claws you.
You hit Urug.
Urug is lightly wounded.
You closely miss Urug.
Urug is lightly wounded.
The troll barely misses you. The troll completely misses you.
The troll claws you! Urug hits you with a +5 eveningstar!!
* * * LOW HITPOINT WARNING * * *
You barely miss Urug. You tail-slap Urug!
Urug is moderately wounded.
You closely miss Urug.
Urug is moderately wounded.
Urug hits you with a +5 eveningstar!!
* * * LOW HITPOINT WARNING * * *
The troll completely misses you. The troll claws you.
* * * LOW HITPOINT WARNING * * *
The troll barely misses you.
You feel a strong urge to attack something.
You are no longer berserk.
You are exhausted.
You feel yourself slow down. Urug hits you with a +5 eveningstar!!
You die...

...#########.#
..[..........#
.....#####...# .....#
#...# .....#
#...######### .....#
#...........# .....#
#...........# .....#
#..........#* .....#
#.....o@...# ,...,*
#.....T#####
,....#####......#
,...............#####
,........†..........#**
,h.#######..........o.#*
,,,,,,.................#
≈,,,,..................#
,≈≈,.≈≈................#


You could see Urug and a troll.

Vanquished Creatures
  A boulder beetle (D:8)
  3 two-headed ogres (D:10)
  A centaur warrior (D:8)
  A tengu warrior (D:8)
  Maggie (D:7)
  A hornet (D:9)
  Prince Ribbit (D:8)
  Grinder (D:4)
  A wraith (D:9)
  10 yaks (D:10)
  A steam dragon (D:9)
  3 vampire mosquitoes (D:10)
  A water moccasin (D:6)
  Edmund (D:5)
  A black bear (D:3)
  2 orc warriors
  2 sky beasts
  An ice beast (D:6)
  A wolf (D:10)
  2 centaurs
  2 ogres
  3 kobold brigands
  2 bullfrogs (D:7)
  A gnoll sergeant (D:9)
  A scorpion (D:7)
  2 necrophages
  3 howler monkeys
  4 jellies
  An orc priest (D:8)
  4 hounds
  Terence (D:3)
  7 iguanas
  7 orc wizards
  14 gnolls
  8 adders
  2 shadow imps
  A white imp (D:6)
  3 ufetubi
  A worm (D:3)
  A dart slug (D:3)
  31 orcs
  4 bats
  6 endoplasms
  A giant cockroach (D:1)
  3 hobgoblins
  12 kobolds
  4 quokkas
  5 ball pythons
  3 frilled lizards
  10 goblins
  5 rats
188 creatures vanquished.

Vanquished Creatures (others)
  7 plants
7 creatures vanquished.

Grand Total: 195 creatures vanquished

Notes
Turn   | Place    | Note
-------+----------+-------------------------------------------
     0 | D:1      | KristoblXynda the Draconian Berserker began the quest for
                  | the Orb.
     0 | D:1      | Reached XP level 1. HP: 19/19 MP: 1/1
   562 | D:1      | Found a faded altar of an unknown god.
   850 | D:1      | Reached XP level 2. HP: 15/26 MP: 2/2
  1874 | D:2      | Reached XP level 3. HP: 33/33 MP: 3/3
  2440 | D:3      | Reached skill level 4 in Fighting
  2716 | D:3      | Noticed a black bear
  2728 | D:3      | Killed a black bear
  2729 | D:3      | Reached XP level 4. HP: 41/41 MP: 4/4
  2729 | D:3      | Reached XP level 5. HP: 47/47 MP: 5/5
  3181 | D:3      | Noticed Terence
  3188 | D:3      | Killed Terence
  3189 | D:3      | Reached skill level 5 in Fighting
  3312 | D:3      | Found Onnuj's Book Emporium.
  3488 | D:4      | Found Cnlolut's Commerce Corner.
  3493 | D:4      | Bought a potion of curing for 30 gold pieces
  3493 | D:4      | Bought a +0 cloak for 45 gold pieces
  3572 | D:4      | Found a sparkling altar of Nemelex Xobeh.
  3597 | D:4      | Found an ancient bone altar of Kikubaaqudgha.
  3621 | D:4      | Found Dikaow's Antique Armour Shop.
  3749 | D:4      | Reached XP level 6. HP: 56/56 MP: 6/6
  3939 | D:4      | Noticed Grinder
  3943 | D:4      | Paralysed by Grinder for 2 turns
  3951 | D:4      | Killed Grinder
  3952 | D:4      | Reached skill level 5 in Long Blades
  3952 | D:4      | Your scales start taking on a rich purple colour.
  3952 | D:4      | Reached XP level 7. HP: 62/62 MP: 7/7
  4023 | D:4      | Reached ** piety under Trog
  4394 | D:5      | Entered Level 5 of the Dungeon
  4409 | D:5      | Reached skill level 6 in Fighting
  4421 | D:5      | Found a burning altar of Makhleb.
  4421 | D:5      | Found a snail-covered altar of Cheibriados.
  4455 | D:5      | Reached skill level 5 in Dodging
  5020 | D:5      | Noticed Edmund
  5030 | D:5      | Killed Edmund
  5142 | D:5      | Found a staircase to the Ecumenical Temple.
  5148 | Temple   | Entered the Ecumenical Temple
  5570 | D:6      | Reached XP level 8. HP: 69/71 MP: 8/8
  5804 | D:6      | Found a shadowy altar of Dithmenos.
  5822 | D:6      | Reached skill level 7 in Fighting
  6014 | D:6      | Found Osaupuur's Jewellery Emporium.
  6863 | D:6      | Found a glowing silver altar of Zin.
  7197 | D:7      | Noticed Maggie
  7214 | D:7      | Reached skill level 8 in Fighting
  7227 | D:7      | Killed Maggie
  7228 | D:7      | Reached skill level 1 in Evocations
  7228 | D:7      | Reached XP level 9. HP: 81/81 MP: 9/9
  7405 | D:7      | Found a hide-covered altar of Uskayaw.
  7484 | D:7      | Found Tenic's Antique Armour Emporium.
  7486 | D:7      | Found Enukiwum's General Store.
  7498 | D:7      | Bought a wand of iceblast (1) for 65 gold pieces
  7544 | D:7      | Found Caluph's Distillery.
  7552 | D:7      | Bought 2 potions of heal wounds for 130 gold pieces
  7552 | D:7      | Bought a potion of heal wounds for 65 gold pieces
  7726 | D:7      | Found a hazy altar of Hepliaklqana.
  8043 | D:8      | Noticed a tengu warrior
  8044 | D:8      | Noticed a centaur warrior
  8054 | D:8      | Killed a tengu warrior
  8064 | D:8      | Killed a centaur warrior
  8065 | D:8      | Reached skill level 9 in Fighting
  8071 | D:8      | Noticed a four-headed hydra
  8079 | D:8      | Noticed Prince Ribbit
  8092 | D:8      | Killed Prince Ribbit
  8234 | D:8      | Noticed a boulder beetle
  8395 | D:8      | Gained mutation: You are clumsy. (Dex -2) [potion of
                  | mutation]
  8395 | D:8      | Gained mutation: Your spells are a little harder to cast,
                  | but a little more powerful. [potion of mutation]
  8396 | D:8      | Lost mutation: Your spells are a little harder to cast, but
                  | a little more powerful. [potion of mutation]
  8396 | D:8      | Lost mutation: You are clumsy. (Dex -2) [potion of
                  | mutation]
  8396 | D:8      | Gained mutation: You sometimes lose the ability to read
                  | scrolls when taking damage. [potion of mutation]
  8397 | D:8      | Lost mutation: You sometimes lose the ability to read
                  | scrolls when taking damage. [potion of mutation]
  8397 | D:8      | Gained mutation: You possess an exceptional clarity of
                  | mind. [potion of mutation]
  8505 | D:8      | Killed a boulder beetle
  8506 | D:8      | Reached XP level 10. HP: 91/91 MP: 10/10
  8620 | D:8      | Reached skill level 5 in Evocations
  9054 | D:8      | Noticed a six-headed hydra
  9438 | D:9      | Paralysed by a hornet for 2 turns
  9568 | D:9      | Found a shimmering altar of Xom.
  9989 | D:9      | Found a bloodstained altar of Trog.
  9990 | D:9      | Found a sacrificial altar of Ru.
 10218 | D:10     | Entered Level 10 of the Dungeon
 10230 | D:10     | Found Cidolom's Overcharged Wands.
 10269 | D:10     | Reached skill level 10 in Fighting
 10401 | D:10     | Noticed a two-headed ogre
 10409 | D:10     | Killed a two-headed ogre
 10441 | D:10     | Found a flagged portal.
 10448 | D:10     | Identified the +4 spear "Xom's Bemusement" {holy, Str+8
                  | SInv}
 10451 | Bailey   | Entered a bailey
 10494 | Bailey   | Reached *** piety under Trog
 11434 | D:10     | Noticed a two-headed ogre
 11442 | D:10     | Killed a two-headed ogre
 11443 | D:10     | Reached skill level 10 in Long Blades
 11593 | D:10     | Reached XP level 11. HP: 101/101 MP: 11/11
 11668 | D:10     | Noticed a two-headed ogre
 11678 | D:10     | Killed a two-headed ogre
 11780 | D:10     | Reached skill level 11 in Fighting
 11820 | D:10     | Noticed Urug
 11842 | D:10     | Slain by Urug

Illustrated notes

Levels and vault maps discovered:
D:1:      dpeg_arrival_snail, layout_basic,
          hellmonk_ecumenical_altar_pennies_from_heaven, serial_forest,
          infiniplex_forest_lined_ring, infiniplex_forest_clump_cross,
          infiniplex_forest_lined_corner, infiniplex_forest_straight_2,
          infiniplex_forest_lined_3_way, infiniplex_forest_end_1,
          infiniplex_forest_clump_small, dreamdust_mushroom_princess,
          minmay_misc_feat_tiny
D:2:      layout_loops_cross, bh_walls_and_bars
D:3:      layout_rooms, serial_shops, shop, grunt_ministairs_5, minivault_26,
          uniq_terence
D:4:      layout_rooms, mainiacjoe_overflow_concentric_impassable,
          nemelex_spade_bored_becter, serial_shops, nicolae_lakefront_shop,
          chequers_serial_rivers_small_b, nicolae_alphabet_shops,
          minmay_misc_feat_columns, uniq_grinder
D:5:      layout_basic, gammafunk_temple_overflow_pools,
          minmay_temple_entry_gardened_gates, st_stairs_13, item_on_display_b,
          uniq_edmund
D:6:      layout_loops_ring, mainiacjoe_overflow_tiny_flanked,
          nicolae_dithmenos_shadow_blocks, serial_shops,
          nicolae_shop_behind_doors
D:7:      layout_basic, lemuel_round_altar, nicolae_hepliaklqana_hippocampus,
          serial_shops, nicolae_take_the_stairs, shop, shop, uniq_maggie
D:8:      minmay_cut_squares, layout_basic, uniq_prince_ribbit1
D:9:      layout_loops_cross, minitemple, nicolae_overflow_hidden_temple
D:10:     layout_irregular_city, erik_lair_island, serial_column_ruins,
          column_ruins_hut_ruined, column_ruins_hut,
          column_ruins_corridor_corner, column_ruins_grid_1,
          column_ruins_open_small, column_ruins_open_tiny, column_ruins_grid_1,
          enter_bailey_2, nicolae_shop_overcharged_wands, uniq_nergalle,
          uniq_urug
Temple:   minmay_freezing_vapour_temple

Skill      XL: |  1  2  3  4  5  6  7  8  9 10 11 |
---------------+----------------------------------+-----
Dodging        | 3 4 5 6 7 9 |  9.3
Fighting       | 4 5 6 8 9 10 11 | 11.0
Long Blades    | 4 5 6 7 8 10 | 10.7
Evocations     | 1 4 5 |  5.3

Action                   |  1- 3 |  4- 6 |  7- 9 | 10-12 || total
-------------------------+-------+-------+-------+-------++-------
Melee: Falchion          |    96 |    28 |       |       ||   124
       Tailslap          |    13 |    14 |    48 |    50 ||   125
       Short sword       |       |    50 |   242 |       ||   292
       Punch             |       |     3 |     4 |     3 ||    10
       Scimitar          |       |       |    56 |   291 ||   347
Invok: Berserk           |     2 |     4 |     8 |    12 ||    26
       Trog's Hand       |       |       |       |     1 ||     1
 Abil: Breathe Dispellin |       |       |       |     1 ||     1
Evoke: Wand              |       |       |     2 |       ||     2
  Use: Scroll            |       |     8 |     9 |     9 ||    26
       Potion            |       |       |     4 |     2 ||     6
 Stab: Sleeping          |     2 |     1 |       |     6 ||     9
Armor: Skin              |    29 |    29 |   108 |   100 ||   266
Dodge: Dodged            |    65 |    46 |   203 |   235 ||   549

Table legend: (Time is in decaauts)
 A = Elapsed time spent in this place.
 B = Non-inter-level travel time spent in this place.
 C = Inter-level travel time spent in this place.
 D = Time resting spent in this place.
 E = Time spent auto-exploring this place.
 F = Levels seen in this place.
 G = Mean time per level.
                   A        B        C        D        E       F      G
               +--------+--------+--------+--------+--------+-----+--------+
         Total |  12048 |  11774 |    274 |   3677 |   6066 |  12 | 1004.0 |
       Dungeon |  11119 |  10849 |    270 |   3144 |   5919 |  10 | 1111.9 |
        Temple |     19 |     15 |      4 |      0 |     11 |   1 |   19.0 |
        Bailey |    909 |    909 |      0 |    533 |    136 |   1 |  909.0 |
               +--------+--------+--------+--------+--------+-----+--------+

Top non-repeatable levels by time:
     D:6: 1450 daAuts
     D:1: 1424 daAuts
     D:9: 1175 daAuts
     D:5: 1166 daAuts
     D:3: 1129 daAuts
     D:8: 1110 daAuts
     D:7: 988 daAuts
     D:2: 988 daAuts
     D:4: 928 daAuts
  Bailey: 909 daAuts
    D:10: 757 daAuts
  Temple: 19 daAuts
